 Dungeon Crawl Stone Soup version 0.30-a0-168-g0b976cbdc4 (webtiles) character file.

Game seed: 3126158880073831450

323 qw the Chopper (level 6, 0/38 HPs)
             Began as a Gargoyle Fighter on Sept 29, 2022.
             Slain by Pikel
             ... wielding a +1 whip of flaming
              (9 damage)
             ... on level 4 of the Dungeon.
             The game lasted 00:01:20 (3935 turns).

qw the Chopper (Gargoyle Fighter)                   Turns: 3935, Time: 00:01:21

Health: 0/38       AC: 17    Str: 21    XL:     6   Next: 47%
Magic:  6/6        EV:  5    Int:  9    God:
Gold:   148        SH:  4    Dex:  9    Spells: 5/5 levels left

rFire   . . .      SeeInvis .    Y - +1 war axe
rCold   . . .      Faith    .    c - +0 buckler
rNeg    + . .      Spirit   .    e - +0 plate armour
rPois   inf        Reflect  .    j - +0 helmet
rElec   +          Harm     .    (no cloak)
rCorr   +          Rampage  .    (no gloves)
Will    .....                    (no boots)
Stlth   ..........               (no amulet)
HPRegen 0.12/turn                h - ring of resist corrosion
MPRegen 0.10/turn                (no ring)

@: no status effects
A: sickness immunity, AC +4, negative energy resistance 1, electricity
resistance, torment resistance 1, petrification resistance
a: no special abilities


You were on level 4 of the Dungeon.
You visited 1 branch of the dungeon, and saw 4 of its levels.

You collected 148 gold pieces.


Innate Abilities, Weirdness & Mutations

You are immune to sickness and miasma.
Your stone body is resilient. (AC +4)
You are immune to poison.
You resist negative energy. (rN+)
You are resistant to electric shocks. (rElec)
You are resistant to unholy torment.
You are immune to petrification.


   Skills:
 - Level 4.0 Fighting
 + Level 5.7 Axes
 - Level 3.2 Armour
 - Level 3.2 Shields


You had 5 spell levels left.
You didn't know any spells.
Your spell library was empty.

Inventory:

Hand Weapons
 k - a +0 flail
 Y - a +1 war axe (weapon)
Armour
 c - a +0 buckler (worn)
 e - a +0 plate armour (worn)
 j - a +0 helmet (worn)
Jewellery
 h - a ring of resist corrosion (left hand)
Scrolls
 a - 2 scrolls of identify
 f - 2 scrolls of amnesia {unknown}
Potions
 b - a potion of brilliance {unknown}
 d - a potion of might
 g - a potion of lignification
 i - 2 potions of curing

Dungeon Overview and Level Annotations

Branches:
Dungeon (4/15)
 Temple: D:4-7

Altars:
Makhleb
Ru
Xom

Annotations:
D:4 Pikel


Message History

You kill the ball python!
You barely miss Pikel. Pikel barely misses you.
Pikel hits you with a +1 whip of flaming.
Pikel burns you.
You hit Pikel but do no damage. Pikel hits you but does no damage.
You closely miss Pikel. Pikel hits you but does no damage.
You hit Pikel.
Pikel is lightly wounded.
Pikel hits you but does no damage.
You barely miss Pikel.
Pikel is lightly wounded.
Pikel hits you but does no damage. Pikel barely misses you.
You barely miss Pikel.
Pikel is lightly wounded.
You block Pikel's attack.
You hit Pikel but do no damage.
Pikel is lightly wounded.
Pikel barely misses you.
You closely miss Pikel.
Pikel is lightly wounded.
Pikel hits you but does no damage.
Pikel says, "You'll feel the lick of my whip!"
Pikel barely misses you.
You barely miss Pikel.
Pikel is lightly wounded.
Pikel hits you but does no damage.
You closely miss Pikel.
Pikel is lightly wounded.
Pikel hits you but does no damage.
You barely miss Pikel.
Pikel is lightly wounded.
Pikel hits you but does no damage.
You closely miss Pikel.
Pikel is lightly wounded.
Pikel hits you but does no damage.
Pikel hits you with a +1 whip of flaming!
You die...

....# J.... .....#
.... # ......##..(
.# .##. o...=... .
.... .S... .##
...... #.5# ##..#
...... #5# #..##
##.....
##K###...###......
#@)......##.......
####.............#
##...............#
#............%....
##..........#.....
#....%.#.###.....
#......### #.....
#..#.....## ##....
#.........## #....


You could see Pikel and 2 lemures.

Vanquished Creatures
  Edmund (D:4)
  2 lemures (D:4)
  A hound (D:4)
  An orc priest (D:4)
  Robin (D:2)
  2 adders
  2 worms (D:2)
  3 dart slugs
  7 orcs
  7 bats
  7 endoplasms
  6 giant cockroaches
  10 goblins
  11 hobgoblins
  6 jackals (D:1)
  5 kobolds
  3 quokkas
  9 ball pythons
  9 rats
93 creatures vanquished.

Notes
Turn   | Place    | Note
-------+----------+-------------------------------------------
     0 | D:1      | qw the Gargoyle Fighter began the quest for the Orb.
     0 | D:1      | Reached XP level 1. HP: 14/14 MP: 1/1
     0 | D:1      | 0 ||| qw: Version: 0.2-a-12-gaebbb33
     0 | D:1      | 0 ||| qw: Game counter: 1161
     0 | D:1      | 0 ||| qw: Always use a shield: true
     0 | D:1      | 0 ||| qw: God list: Okawaru
     0 | D:1      | 0 ||| qw: Allow faded altars: false
     0 | D:1      | 0 ||| qw: Do Orc after D:15 true
     0 | D:1      | 0 ||| qw: Do second Lair branch before Depths: true
     0 | D:1      | 0 ||| qw: Lair rune preference: random
     0 | D:1      | 0 ||| qw: Plans: Normal, Zot:1-4, God:TSO, Crypt, Tomb,
                  | Pan, Slime:5, Hells, Abyss, Orb
     0 | D:1      | 0 ||| PLANNING D:1-11
   193 | D:1      | Reached skill level 2 in Axes
   199 | D:1      | Reached XP level 2. HP: 17/19 MP: 2/2
   329 | D:1      | Found a faded altar of an unknown god.
   340 | D:1      | 340 ||| Stepping ~*~*~tactically~*~*~ (hiding).
   633 | D:1      | Reached skill level 3 in Axes
   699 | D:1      | Reached XP level 3. HP: 23/23 MP: 3/3
   736 | D:1      | 736 ||| Stepping ~*~*~tactically~*~*~ (stealth).
   741 | D:1      | 741 ||| Stepping ~*~*~tactically~*~*~ (stealth).
   768 | D:1      | 768 ||| Stepping ~*~*~tactically~*~*~ (stealth).
   769 | D:1      | 769 ||| Stepping ~*~*~tactically~*~*~ (stealth).
   811 | D:1      | 811 ||| Stepping ~*~*~tactically~*~*~ (stealth).
  1230 | D:1      | 1230 ||| READING 3 scrolls labelled RIOCZA AFUANISS.
  1231 | D:1      | 1231 ||| READING scroll labelled AHAP XOIDGHAEXT.
  1234 | D:1      | 1234 ||| READING 2 scrolls of identify.
  1234 | D:1      | 1234 ||| IDENTIFYING sedimented sapphire potion
  1671 | D:2      | 1671 ||| Stepping ~*~*~tactically~*~*~ (hiding).
  1678 | D:2      | Reached XP level 4. HP: 28/28 MP: 4/4
  1880 | D:2      | Reached skill level 4 in Axes
  1988 | D:2      | 1988 ||| Stepping ~*~*~tactically~*~*~ (stealth).
  2128 | D:2      | Noticed Robin
  2139 | D:2      | Killed Robin
  2403 | D:2      | 2403 ||| UPGRADING to +0 helmet.
  2408 | D:2      | 2408 ||| READING scroll labelled WIELIL UZARAN.
  2409 | D:2      | 2409 ||| READING scroll labelled ILUDUO SUETSIEME.
  2410 | D:2      | 2410 ||| READING 3 scrolls of identify.
  2410 | D:2      | 2410 ||| IDENTIFYING purple potion
  2664 | D:3      | Found a shimmering altar of Xom.
  2702 | D:3      | Found a sacrificial altar of Ru.
  2833 | D:3      | 2833 ||| Stepping ~*~*~tactically~*~*~ (stealth).
  2842 | D:3      | Reached XP level 5. HP: 23/32 MP: 5/5
  2968 | D:3      | 2968 ||| Stepping ~*~*~tactically~*~*~ (stealth).
  2974 | D:3      | 2974 ||| DROPPING +0 mace.
  3012 | D:3      | 3012 ||| Stepping ~*~*~tactically~*~*~ (stealth).
  3305 | D:3      | Found a burning altar of Makhleb.
  3500 | D:3      | 3500 ||| UPGRADING to +0 plate armour.
  3510 | D:3      | 3510 ||| DROPPING +0 scale mail.
  3511 | D:3      | 3511 ||| UPGRADING to ring of resist corrosion.
  3512 | D:3      | 3512 ||| READING scroll labelled ZELLOD ZOYN.
  3513 | D:3      | 3513 ||| READING scroll labelled JAUVAD FAHUTOR.
  3530 | D:4      | Noticed Edmund
  3554 | D:4      | Killed Edmund
  3555 | D:4      | Reached skill level 5 in Axes
  3555 | D:4      | Reached XP level 6. HP: 28/37 MP: 6/6
  3640 | D:4      | 3640 ||| Stepping ~*~*~tactically~*~*~ (stealth).
  3900 | D:4      | 3900 ||| Stepping ~*~*~tactically~*~*~ (hiding).
  3906 | D:4      | 3906 ||| Stepping ~*~*~tactically~*~*~ (stealth).
  3912 | D:4      | Noticed Pikel
  3924 | D:4      | HP: 9/38 [Pikel/+1 whip of flaming (5)]
  3935 | D:4      | Slain by Pikel

Levels and vault maps discovered:
D:1:      lightli_arrival_noodles, layout_basic,
          dreamdust_ecumenical_altar_statues
D:2:      layout_basic, uniq_robin
D:3:      minmay_diamond_boxcup, layout_basic, xom_teletrap_fun,
          lemuel_coloured_pillars_altar, nicolae_ru_sacrificial_ziggurat
D:4:      layout_cave_pools, serial_shops, shop_fountains, uniq_edmund,
          uniq_eustachio, uniq_crazy_yiuf_cottage, uniq_pikel

Skill      XL: |  1  2  3  4  5  6 |
---------------+-------------------+-----
Axes           | 2 3 4 5 |  5.7
Fighting       | 4 |  4.0
Armour         | |  3.2
Shields        | |  3.2

Action                   |  1- 3 |  4- 6 || total
-------------------------+-------+-------++-------
Melee: War axe           |   122 |   181 ||   303
  Use: Scroll            |     3 |     5 ||     8
Armor: Scale mail        |    56 |    59 ||   115
       Plate armour      |       |    63 ||    63
Dodge: Dodged            |    49 |    72 ||   121
Block: Buckler           |    25 |    41 ||    66

Table legend:
 A = Non-vault XP
 B = Vault XP
 C = Vault XP percentage of total XP
 D = Non-vault monster count
 E = Vault monster count
 F = Vault count percentage of total count
                 A         B        C        D         E       F
            +---------+---------+-------+---------+---------+-------
      Total |     244 |     218 |  47.2 |      70 |      21 |  23.1
            +---------+---------+-------+---------+---------+-------
        D:1 |      62 |       0 |   0.0 |      32 |       0 |   0.0
        D:2 |      51 |      35 |  40.7 |      19 |      11 |  36.7
        D:3 |      34 |      19 |  35.8 |      11 |       9 |  45.0
        D:4 |      97 |     164 |  62.8 |       8 |       1 |  11.1
            +---------+---------+-------+---------+---------+-------
